 Dungeon Crawl Stone Soup version 0.27.1-33-g824d729ab1 (webtiles) character file.

Game seed: 11803887615250042302

8948 klutch the Protected (level 11, -15/74 HPs)
             Began as a Gargoyle Fighter on Dec 6, 2021.
             Was a Believer of Trog.
             Demolished by a cyclops (23 damage)
             ... on level 9 of the Dungeon.
             The game lasted 00:37:24 (7548 turns).

klutch the Protected (Gargoyle Fighter)             Turns: 7548, Time: 00:37:24

Health: -15/74     AC: 20    Str: 19    XL:     11   Next: 38%
Magic:  11/11      EV:  7    Int: 10    God:    Trog [**....]
Gold:   258        SH:  9    Dex: 12    Spells: 10/10 levels left

rFire    . . .     SeeInvis +   l - +2 whip (freeze)
rCold    . . .     Faith    .   c - +0 kite shield
rNeg     + + .     Spirit   .   b - +1 scale mail
rPois    ∞         Reflect  .   s - +0 mask of the Dragon {Will+ Slay+3 SInv}
rElec    +         Harm     .   (no cloak)
rCorr    +         Rampage  .   (no gloves)
Will     +....                  u - +1 pair of boots {Fly}
Stlth    ..........             D - amulet of regeneration
HPRegen  1.22/turn              g - ring of resist corrosion
MPRegen  0.12/turn              h - ring of positive energy

@: on berserk cooldown, attractive, flying, slowed, very slow
A: sickness immunity, AC +8, negative energy resistance 1, electricity
resistance, torment resistance 1, petrification resistance
a: Renounce Religion, Berserk, Trog's Hand


You were on level 9 of the Dungeon.
You worshipped Trog.
Trog was pleased with you.
You visited 2 branches of the dungeon, and saw 10 of its levels.
You also visited: Ossuary.

You collected 935 gold pieces.
You spent 677 gold pieces at shops.

Inventory:

Hand Weapons
 l - a +2 whip of freezing (weapon)
 J - a +2 whip of flaming
Missiles
 B - 21 poisoned darts (quivered)
 C - 2 boomerangs
 E - 6 atropa-tipped darts
Armour
 b - a +1 scale mail (worn)
 c - a +0 kite shield (worn)
 s - the +0 mask of the Dragon (worn) {Will+ Slay+3 SInv}
   (You bought it in a shop on level 5 of the Dungeon)

   Slay:      It affects your accuracy & damage with ranged weapons and melee
   (+3).
   SInv:      It lets you see invisible.
   Will:      It increases your willpower.
 u - a +1 pair of boots of flying (worn)
 H - a +3 leather armour of cold resistance
Jewellery
 g - a ring of resist corrosion (left hand)
 h - a ring of positive energy (right hand)
 D - an amulet of regeneration (around neck)
Wands
 y - a wand of paralysis (25)
Scrolls
 a - a scroll of enchant weapon
 e - 6 scrolls of teleportation
 n - a scroll of summoning
 o - 5 scrolls of identify
 p - 2 scrolls of blinking
 q - a scroll of brand weapon
Potions
 d - 5 potions of might
 i - 8 potions of curing
 k - a potion of flight {unknown}
 A - a potion of cancellation {unknown}
 F - 2 potions of resistance
 G - a potion of invisibility


   Skills:
 + Level 11.4 Fighting
 + Level 10.2 Maces & Flails
 + Level 11.4 Armour
 - Level 3.3 Shields


You had 10 spell levels left.
You didn't know any spells.
Your spell library was empty.

Dungeon Overview and Level Annotations

Branches:
Dungeon (9/15)             Temple (1/1) D:4         Ossuary (visited)
   Lair: D:8-11         Orc: D:9-12

Altars:
Ashenzari
Cheibriados
Dithmenos
Elyvilon
Fedhas
Gozag
Hepliaklqana
Kikubaaqudgha
Makhleb
Nemelex Xobeh
Okawaru
Qazlal
Ru
Sif Muna
Trog
Uskayaw
Vehumet
Wu Jian
Yredelemnul
Zin
The Shining One

Shops:
D:5 **:[   D:6 :

Annotations:
D:5 Armor Shop


Innate Abilities, Weirdness & Mutations

You are immune to sickness and miasma.
Your stone body is resilient. (AC +8)
You are immune to poison.
You resist negative energy. (rN+)
You are resistant to electric shocks. (rElec)
You are resistant to unholy torment.
You are immune to petrification.


Message History

You whack the centaur warrior! You freeze the centaur warrior!
You kill the centaur warrior!
Trog accepts your kill.
You feel a strong urge to attack something.
You completely miss the cyclops.
You are no longer berserk.
You are exhausted.
You feel yourself slow down. The cyclops hits you!
* * * LOW HITPOINT WARNING * * *
You hit the cyclops but do no damage. You block the cyclops's attack.
You feel better. The cyclops hits you.
* * * LOW HITPOINT WARNING * * *
It was a potion of attraction.
You feel attractive to monsters.
The centaur warrior hits you but does no damage.
The centaur warrior kicks you.
* * * LOW HITPOINT WARNING * * *
You block the centaur warrior's attack.
The centaur warrior kicks you but does no damage.
The cyclops hits you.
* * * LOW HITPOINT WARNING * * *
You hit the cyclops. You freeze the cyclops.
The cyclops is lightly wounded.
The centaur warrior hits you but does no damage.
You block the centaur warrior's attack. The centaur warrior hits you!
* * * LOW HITPOINT WARNING * * *
The centaur warrior barely misses you. You block the cyclops's attack.
You hit the cyclops. You freeze the cyclops.
The cyclops is lightly wounded.
You block the centaur warrior's attack.
The centaur warrior kicks you but does no damage.
The centaur warrior hits you but does no damage.
The centaur warrior kicks you.
* * * LOW HITPOINT WARNING * * *
You hit the cyclops. You freeze the cyclops.
The cyclops is moderately wounded.
You block the centaur warrior's attack.
The centaur warrior kicks you but does no damage.
The cyclops hits you!!
You die...

...........## #..###### #
..........## ##♣__♣###..# #
.........## #..♣...##..## #
#........# #♣......♣##..########
#........####........###...†.....
#........##>#......♣.#>###.######
#........# #..♣.......# #.#
#######.###♣)♣.♣.c.♣..♣# #.#
#.###.)...@C.....###.#
#.#>...♣...♣.♣.♣..c#.#
#.#▓##############▓#.#
##....................######
#........##..##..........[..
#.....##....###.####........
#.....##.#### #.# #........
#.....##.## #.# #########
#.....##..#####.#


You could see a centaur warrior and a cyclops.

Vanquished Creatures
  Gastronok (D:8)
  2 centaur warriors (D:9)
  A two-headed ogre (D:9)
  Pikel (D:8)
  Joseph (D:8)
  Psyche (D:8)
  A troll (D:9)
  2 wyverns (D:9)
  A steam dragon (D:8)
  An acid dragon (D:8)
  A water moccasin (D:5)
  An orc warrior (D:8)
  Duvessa (D:5)
  A sky beast (D:3)
  A black bear (D:6)
  3 ogres
  2 lemures (D:8)
  3 necrophages
  A phantom (D:4)
  A centaur (D:7)
  3 kobold brigands
  A bullfrog (D:8)
  A scorpion (D:6)
  A gnoll sergeant (D:5)
  Dowan (D:5)
  2 water moccasin zombies
  4 killer bees (D:9)
  4 wights (D:7)
  2 howler monkeys (D:9)
  9 centaur zombies
  6 bullfrog zombies
  A centaur skeleton (D:6)
  3 hounds
  3 jellies
  2 orc priests
  A gnoll shaman (D:6)
  2 iguanas
  2 orc wizards (D:8)
  3 killer bee zombies
  15 mummies (Ossuary)
  7 adders
  13 gnolls
  A shadow imp (D:4)
  2 worms (D:2)
  A dart slug (D:1)
  20 orcs
  6 ball pythons
  8 endoplasms
  A giant cockroach (D:4)
  8 goblins
  6 hobgoblins
  21 kobolds
  2 quokkas
  6 bats
  3 frilled lizards
  6 rats
204 creatures vanquished.

Vanquished Creatures (others)
  6 withered plants (Ossuary)
6 creatures vanquished.

Grand Total: 210 creatures vanquished

Notes
Turn   | Place    | Note
-------+----------+-------------------------------------------
     0 | D:1      | klutch the Gargoyle Fighter began the quest for the Orb.
     0 | D:1      | Reached XP level 1. HP: 14/14 MP: 1/1
    30 | D:1      | Reached XP level 2. HP: 19/19 MP: 2/2
   341 | D:1      | Reached XP level 3. HP: 24/24 MP: 3/3
   907 | D:2      | Reached XP level 4. HP: 29/29 MP: 4/4
  1261 | D:2      | Found a faded altar of an unknown god.
  1419 | D:2      | Identified a scroll of acquirement
  1419 | D:2      | Acquired 520 gold pieces
  1670 | D:3      | Noticed a sky beast
  1692 | D:3      | Killed a sky beast
  1693 | D:3      | Reached XP level 5. HP: 22/34 MP: 3/5
  1997 | D:4      | Found a sand-covered staircase.
  2005 | Ossuary  | Entered an ossuary
  2021 | Ossuary  | Reached XP level 6. HP: 25/40 MP: 6/6
  2031 | Ossuary  | Reached skill level 5 in Fighting
  2031 | Ossuary  | Reached skill level 5 in Armour
  2065 | Ossuary  | Reached XP level 7. HP: 11/44 MP: 4/7
  2355 | Ossuary  | Reached skill level 5 in Maces & Flails
  3053 | D:4      | Reached XP level 8. HP: 50/52 MP: 6/8
  3106 | D:4      | Found a staircase to the Ecumenical Temple.
  3125 | Temple   | Entered the Ecumenical Temple
  3136 | Temple   | Became a worshipper of Trog the Wrathful
  3630 | D:5      | Entered Level 5 of the Dungeon
  3738 | D:5      | Found Yczewoci's Book Shop.
  3767 | D:5      | Found Siapit's Armour Shop.
  3777 | D:5      | Bought the +0 mask of the Dragon {Will+ Slay+3 SInv} for
                  | 467 gold pieces
  3777 | D:5      | Found the +0 mask of the Dragon {Will+ Slay+3 SInv}
  3827 | D:5      | Found Esuabol's Serpentskin Sales.
  4127 | D:5      | Reached * piety under Trog
  4264 | D:5      | Found Lainait's Assorted Antiques.
  4267 | D:5      | Bought a pair of runed boots for 210 gold pieces
  4299 | D:5      | Noticed Duvessa
  4307 | D:5      | Noticed Dowan
  4313 | D:5      | Killed Duvessa
  4319 | D:5      | Killed Dowan
  4320 | D:5      | Reached XP level 9. HP: 48/58 MP: 7/9
  4374 | D:5      | Found a glowing golden altar of the Shining One.
  4388 | D:5      | Found a burning altar of Makhleb.
  4388 | D:5      | Found a broken altar of Ashenzari.
  4659 | D:6      | Found Idwe's Book Shop.
  5687 | D:7      | Reached ** piety under Trog
  5810 | D:7      | Found a stormy altar of Qazlal.
  5959 | D:7      | Found a shimmering blue altar of Sif Muna.
  6058 | D:8      | Noticed Pikel
  6073 | D:8      | Killed Pikel
  6074 | D:8      | Reached XP level 10. HP: 55/66 MP: 10/10
  6255 | D:8      | Noticed Gastronok
  6258 | D:8      | Noticed Psyche
  6285 | D:8      | Killed Psyche
  6303 | D:8      | Killed Gastronok
  6304 | D:8      | Reached skill level 10 in Fighting
  6304 | D:8      | Reached skill level 10 in Armour
  6359 | D:8      | Noticed Joseph
  6376 | D:8      | Killed Joseph
  7055 | D:9      | Noticed a centaur warrior
  7056 | D:9      | Found a large runed translucent door.
  7065 | D:9      | Found a large runed translucent door.
  7144 | D:9      | Noticed a two-headed ogre
  7155 | D:9      | Killed a two-headed ogre
  7156 | D:9      | Reached XP level 11. HP: 55/74 MP: 11/11
  7371 | D:9      | Reached skill level 10 in Maces & Flails
  7430 | D:9      | Noticed a centaur warrior
  7512 | D:9      | Noticed a centaur warrior
  7513 | D:9      | Noticed a cyclops
  7520 | D:9      | Found an iron altar of Okawaru.
  7520 | D:9      | Found an iron altar of Okawaru.
  7529 | D:9      | Killed a centaur warrior
  7538 | D:9      | Killed a centaur warrior
  7548 | D:9      | Demolished by a cyclops

Illustrated notes

Levels and vault maps discovered:
D:1:      amcnicky_arrival_single_pillar, layout_basic
D:2:      kennysheep_six_static_rooms, layout_loops_ring,
          shapermc_ecumenical_altar_acropolis
D:3:      layout_basic
D:4:      layout_cave_pods, minmay_temple_entry_large_hall,
          nicolae_ossuary_entry_ruins, minmay_door_square
D:5:      layout_rooms, minitemple, serial_shops, kennysheep_mini_moat, shop,
          shop_fountains, guppyfry_shop_venom, uniq_duvessa
D:6:      layout_loops_ring, serial_shops, shop_fountains,
          chequers_serial_rivers_marsh
D:7:      layout_cave_pools, lemuel_crystal_altar, lemuel_blue_sif_altar,
          nicolae_overflow_hidden_temple
D:8:      layout_cave_pods, kennysheep_generic_room_6, uniq_pikel, uniq_joseph,
          uniq_psyche, uniq_gastronok
D:9:      okawaru_arena_lexackson, layout_basic
Temple:   compressed_dpeg_circular_temple

Skill      XL: |  1  2  3  4  5  6  7  8  9 10 11 |
---------------+----------------------------------+-----
Armour         | 4 5 6 7 9 11 | 11.4
Fighting       | 4 5 6 7 9 11 | 11.4
Maces & Flails | 3 4 5 6 8 9 10 | 10.2
Shields        | |  3.3

Action                   |  1- 3 |  4- 6 |  7- 9 | 10-12 || total
-------------------------+-------+-------+-------+-------++-------
Melee: Flail             |   113 |   105 |   339 |       ||   557
       Whip              |       |       |       |   212 ||   212
Throw: Stone             |       |       |    45 |    12 ||    57
       Boomerang         |       |       |    20 |       ||    20
       Throwing net      |       |       |     1 |       ||     1
       Dart              |       |       |       |    16 ||    16
Invok: Berserk           |       |       |       |     4 ||     4
  Use: Scroll            |     3 |     5 |     6 |     4 ||    18
       Potion            |       |     1 |       |     2 ||     3
 Stab: Invisible         |       |       |       |     1 ||     1
Armor: Scale mail        |    80 |    90 |   192 |   107 ||   469
Dodge: Dodged            |    49 |    42 |    97 |    49 ||   237
Block: Kite shield       |    57 |    52 |   175 |    81 ||   365
